AoeStats
← Schwarzschild

Hideout

507601490Analyzed
1v1 RM · 14d ago on Sep 19, 2026· 41m 58s· 2 players
Game mode
Random Map
Map size
Tiny (2 player)
Population
200
Speed
Normal
Resources
Standard
Victory
Conquest
Starting age
Dark Age
Ending age
Imperial Age
RankedLock teamsTeams togetherTeam positionsShared explorationLock speedFull tech treeHidden civsTurbo modeCheats
Victory
Defeat
🇵🇪 Khitans · Peru
1554
+17
🇹🇷 Vietnamese · Türkiye
1568
-17
Schwarzschild
7:18 Loom
9:27 Feudal Age
9:59 Double-Bit Axe
10:05 Domestication
18:17 Castle Age
17:37 Forging
18:40 Wheelbarrow
18:18 Scale Barding Armor
18:51 Gold Mining
19:53 Town Watch
21:01 Husbandry
25:31 Chain Barding Armor
27:21 Fletching
44:48 Imperial Age
Kr4mer
8:43 Loom
11:12 Feudal Age
15:38 Castle Age
13:32 Horse Collar
14:17 Double-Bit Axe
15:09 Fletching
16:54 Bow Saw
17:23 Heavy Plow
18:34 Gold Mining
19:59 Bodkin Arrow
22:24 Padded Archer Armor
23:17 Stone Mining
24:45 Ballistics
28:07 Town Watch
39:38 Light Cavalry
40:28 Bloodlines
40:18 Husbandry
41:26 Wheelbarrow
Connection lost

Rejoining the realm…

Still unreachable

The connection could not be restored.

Session expired

The server has moved on; the page needs a fresh start.